 Dungeon Crawl Stone Soup version 0.16-a0-3625-g2624681 (webtiles) character file.

151 PolkaDot the Insei (level 5, -3/46 HPs)
             Began as a Draconian Monk on Jan 14, 2015.
             Hit by a tomahawk of returning thrown by an orc (5 damage)
             ... on level 3 of the Dungeon.
             The game lasted 00:04:18 (1993 turns).

PolkaDot the Insei (Draconian Monk)                 Turns: 1993, Time: 00:04:18

Health: -3/46      AC:  6    Str: 13    XL:     5   Next: 11%
Magic:  5/5        EV: 13    Int: 12    God:
Gold:   111        SH:  0    Dex: 13    Spells: 0 memorised, 4 levels left

rFire  . . .     SeeInvis .       - Unarmed
rCold  . . .     Clarity  .     (armour unavailable)
rNeg   . . .     SustAb   .     (no shield)
rPois  .         Gourm    .     (helmet restricted)
rElec  .         Spirit   .     (no cloak)
rCorr  .         Warding  .     (no gloves)
rMut   .         Stasis   .     n - +0 pair of boots (curse)
MR     .....                    (no amulet)
Stlth  ++........               (no ring)
                                (no ring)

@: very slightly contaminated, hasted, very quick, not resistant to hostile
enchantments, unstealthy
A: unfitting armour, cold-blooded, AC +5
a: no special abilities


You were on level 3 of the Dungeon.
You were hungry.

You visited 1 branch of the dungeon, and saw 3 of its levels.

You collected 111 gold pieces.

Inventory:

Armour
 n - a cursed +0 pair of boots (worn)
Jewellery
 e - an uncursed amulet of clarity {unknown}
Magical devices
 k - a wand of flame (0)
Scrolls
 a - a scroll of enchant armour {unknown}
 d - 2 scrolls of amnesia
 g - 2 scrolls of remove curse {unknown}
 h - 2 scrolls of identify
 i - 2 scrolls of teleportation {unknown}
 m - a scroll of recharging {unknown}
 p - a scroll of fear {unknown}
 q - 2 scrolls of enchant weapon {unknown}
 r - a scroll of fog {unknown}
 s - a scroll of random uselessness {unknown}
Comestibles
 b - 2 bread rations
 c - a chunk of flesh
 j - a beef jerky
 l - 2 fruits


   Skills:
 + Level 4.1 Fighting
 + Level 3.4 Dodging
 - Level 1.9 Stealth
 * Level 5.3 Unarmed Combat


You had 4 spell levels left.
You didn't know any spells.

Dungeon Overview and Level Annotations

Branches:
Dungeon (3/15)

Altars:


Innate Abilities, Weirdness & Mutations

Your plain brown scales are hard (AC +5).
Your body does not fit into most forms of armour.
Your cold-blooded metabolism reacts poorly to cold.


Message History

* * * LOW HITPOINT WARNING * * *
The weapon returns to the orc!
Things that are here:
a dagger; a robe The orc throws a tomahawk of returning.
The tomahawk of returning closely misses you.
You see here a tomahawk of returning.
Read which item? (? for menu, Esc to quit)
Okay, then.
You aren't carrying any potions.
Unknown command.
Read which item? (? for menu, Esc to quit)
As you read the scroll labeled MNABUC NAEN, it crumbles to dust.
It is a scroll of identify.
Identify which item? (\ to view known items) (? for menu, Esc to quit)
d - 2 scrolls of amnesia The orc throws a tomahawk of returning.
The tomahawk of returning misses you.
The weapon returns to the orc!
The orc throws a tomahawk of returning.
The tomahawk of returning hits you.
You die...

### #####.. #......
####################.###.#
##........@....()oo.†...)..
##.#.#################.###.#
##.###.## ##.###.. ##.##
##.###### ##...##.. #.##
##.....## #........ ##.##
##.......# #....###.
##.###...#.#..# #.#.## #.
##..#..#...#..##### #.#.# ##
##.....###.........# #.#.#


You could see 2 orcs.

Vanquished Creatures
  An orc wizard (D:3)
  Jessica (D:2)
  3 adders
  A giant mite (D:2)
  3 worms
  4 giant geckos
  An orc (D:3)
  2 ball pythons
  A giant cockroach (D:3)
  5 goblins
  12 hobgoblins
  A jackal (D:3)
  A kobold (D:2)
  2 quokkas
  9 bats
  2 giant newts
  5 rats
54 creatures vanquished.

Notes
Turn   | Place    | Note
--------------------------------------------------------------
     0 | D:1      | PolkaDot, the Draconian Monk, began the quest for the Orb.
     0 | D:1      | Reached XP level 1. HP: 19/19 MP: 1/1
   258 | D:1      | Reached XP level 2. HP: 26/26 MP: 2/2
   722 | D:2      | Noticed Jessica
   731 | D:2      | Killed Jessica
   731 | D:2      | Reached XP level 3. HP: 19/33 MP: 3/3
  1134 | D:2      | Reached XP level 4. HP: 33/40 MP: 4/4
  1417 | D:3      | Reached skill level 5 in Unarmed Combat
  1985 | D:3      | Reached XP level 5. HP: 3/46 MP: 5/5
  1986 | D:3      | HP: 1/46 [orc/tomahawk of returning (2)]
  1993 | D:3      | Hit by a tomahawk of returning thrown by an orc

Action                   |  1- 3 |  4- 6 || total
-------------------------+-------+-------++-------
Melee: Unarmed           |    89 |    96 ||   185
Evoke: Wand              |     7 |       ||     7
  Use: Potion            |       |     2 ||     2
       Scroll            |       |     1 ||     1
 Stab: Sleeping          |     1 |     1 ||     2
  Eat: Chunk             |     1 |     2 ||     3
